 Dungeon Crawl Stone Soup version 0.18.1-8-gdd0e5ea (webtiles) character file.

85 Shearov the Conjurer (level 4, 0/34 HPs)
             Began as a Human Conjurer on June 1, 2016.
             Succumbed to a worker ant's poison
             ... on level 4 of the Dungeon.
             The game lasted 00:09:04 (1849 turns).

Shearov the Conjurer (Human Conjurer)               Turns: 1849, Time: 00:09:04

Health: 0/34       AC:  6    Str: 11    XL:     4   Next: 75%
Magic:  1/7        EV: 15    Int: 20    God:
Gold:   129        SH:  0    Dex: 17    Spells: 2 memorised, 5 levels left

rFire  . . .     SeeInvis .     (no weapon)
rCold  . . .     Gourm    .     u - +4 robe of Augmentation {Str+4 Int+4 Dex+4}
rNeg   . . .     Faith    .     (no shield)
rPois  .         Spirit   .     (no helmet)
rElec  .         Dismiss  .     (no cloak)
rCorr  .         Reflect  .     (no gloves)
SustAt .         Harm     .     (no boots)
MR     .....                    (no amulet)
Stlth  ++........               (no ring)
                                (no ring)

@: lethally poisoned (0 -> -4), very slightly contaminated, not resistant to
hostile enchantments, unstealthy
A: repulsion field 1, robust 1, weak 1
a: no special abilities


You were on level 4 of the Dungeon.
You were very hungry.

You visited 1 branch of the dungeon, and saw 4 of its levels.

You collected 129 gold pieces.

Inventory:

Armour
 a - a +0 robe
 u - the +4 robe of Augmentation (worn) {Str+4 Int+4 Dex+4}
   (You found it on level 4 of the Dungeon)

   It affects your strength (+4).
   It affects your intelligence (+4).
   It affects your dexterity (+4).
Wands
 t - a wand of enslavement (7/24)
Scrolls
 e - 2 scrolls of teleportation
 f - 2 scrolls of identify
 g - a scroll of enchant armour {unknown}
 h - 5 scrolls of enchant weapon {unknown}
 i - 3 scrolls of remove curse {unknown}
 j - a scroll of magic mapping {unknown}
 k - a scroll of blinking {unknown}
 m - a scroll of recharging {unknown}
 p - a scroll of amnesia {unknown}
Potions
 n - a potion of agility
Books
 b - a book of Conjurations

   Spells                             Type                      Level
   a - Magic Dart                     Conjuration                  1
   b - Searing Ray                    Conjuration                  2
   c - Dazzling Spray                 Conjuration/Hexes            3
   d - Fulminant Prism                Conjuration/Hexes            4
   e - Iskenderun's Mystic Blast      Conjuration                  4
   f - Iskenderun's Battlesphere      Conjuration/Charms           5
Comestibles
 c - 6 bread rations


   Skills:
 + Level 0.8 Fighting
 + Level 2.2 Dodging
 + Level 2.1 Stealth
 + Level 0.8 Unarmed Combat
 * Level 2.5 Spellcasting
 * Level 5.0 Conjurations


You had 5 spell levels left.
You knew the following spells:

 Your Spells              Type           Power        Failure   Level  Hunger
a - Magic Dart            Conj           ###.         1%          1    None
b - Searing Ray           Conj           ###...       2%          2    ##.....


Dungeon Overview and Level Annotations

Branches:
Dungeon (4/15)
 Temple: D:4-7

Altars:
Nemelex Xobeh
Pakellas
The Shining One

Annotations:
D:4 Gagarin's ghost, novice MiFi


Innate Abilities, Weirdness & Mutations

You are surrounded by a mild repulsion field (EV +2).
You are robust (+10% HP).
You are weak. (Str -2)


Message History

As you read the scroll labeled POTEIGG YSIQI, it crumbles to dust.
It is a scroll of identify.
Identify which item? (\ to view known items) (? for menu, Esc to quit)
t - a wand of enslavement (8/24)
You feel a little less clever now.
* * * LOW HITPOINT WARNING * * *
You feel sick. The worker ant barely misses you.
Casting: Magic Dart
Confirm with . or Enter, or press ? or * to list all spells.
Okay, then.
Unknown command.
Unknown command.
Evoke which item? (* to show all) (? for menu, Esc to quit)
Zapping:
t - a wand of enslavement (8/24)
Press: ? - help, Shift-Dir - straight line, f/p - worker ant
Aim: a worker ant (moderately wounded, chance to defeat MR: 54%)
The worker ant is charmed.
This wand has 7 charges left.
* * * LOW HITPOINT WARNING * * *
You feel sick.
You die...

##### ...#
#.##########
###..........#
##....###.....#
#....## #.###.#
#..###a#
#.#....$....#
#. #.#
#.#a#.##.#..#
#@# #.#.#.##.#
#...##
#......... ##.#
###.##.#.# #.
.# . # .. ..
.## .# .# .#


You could see a friendly worker ant.

Vanquished Creatures
  2 adders
  4 dart slugs
  2 giant geckos
  4 orcs (D:3)
  2 giant cockroaches
  7 goblins
  7 hobgoblins
  4 jackals (D:2)
  9 kobolds
  A quokka (D:2)
  2 bats (D:3)
  A giant newt (D:1)
  7 rats
52 creatures vanquished.

Vanquished Creatures (others)
  A manticore (D:3)
1 creature vanquished.

Grand Total: 53 creatures vanquished

Notes
Turn   | Place    | Note
--------------------------------------------------------------
     0 | D:1      | Shearov the Human Conjurer began the quest for the Orb.
     0 | D:1      | Reached XP level 1. HP: 13/13 MP: 3/3
   106 | D:1      | Reached XP level 2. HP: 12/19 MP: 0/5
   567 | D:1      | Reached XP level 3. HP: 18/25 MP: 0/6
   787 | D:2      | Learned a level 2 spell: Searing Ray
  1113 | D:2      | Found a glowing golden altar of the Shining One.
  1113 | D:2      | Found a sparkling altar of Nemelex Xobeh.
  1149 | D:3      | Reached XP level 4. HP: 31/31 MP: 5/7
  1213 | D:3      | Reached skill level 5 in Conjurations
  1334 | D:3      | Found an oddly glowing altar of Pakellas.
  1335 | D:3      | Noticed a manticore
  1342 | D:3      | Killed a manticore
  1755 | D:4      | Noticed Gagarin's ghost (novice MiFi)
  1788 | D:3      | Gained mutation: You are robust (+10% HP). [potion of mutation]
  1788 | D:3      | Gained mutation: You are surrounded by a mild repulsion field (EV +2). [potion of mutation]
  1788 | D:3      | Gained mutation: You are weak. (Str -2) [potion of mutation]
  1847 | D:4      | HP: 1/34 [poisoned by a worker ant]
  1849 | D:4      | Succumbed to a worker ant's poison

Skill      XL: |  1  2  3  4 |
---------------+-------------+-----
Conjurations   | 5 |  5.0
Fighting       | |  0.8
Dodging        | |  2.2
Stealth        | |  2.1
Unarmed Combat | |  0.8
Spellcasting   | |  2.5

Action                   |  1- 3 |  4- 6 || total
-------------------------+-------+-------++-------
Melee: Unarmed           |    40 |    12 ||    52
 Cast: Magic Dart        |    47 |    44 ||    91
       Searing Ray       |     3 |     6 ||     9
Evoke: Wand              |       |     1 ||     1
  Use: Potion            |       |     7 ||     7
       Scroll            |       |     2 ||     2
  Eat: Chunk             |     2 |     2 ||     4
Armor: Robe              |     8 |     4 ||    12
Dodge: Dodged            |    37 |    23 ||    60
